 Dungeon Crawl Stone Soup version 0.23.2-1-ga50397a6bc (webtiles) character file.

Game seed: 16252252163818552365

210 Freyura the Ducker (level 5, -7/47 HPs)
             Began as a Gnoll Monk on May 10, 2019.
             Mangled by a worm (10 damage)
             ... on level 3 of the Dungeon.
             The game lasted 00:07:37 (2590 turns).

Freyura the Ducker (Gnoll Monk)                     Turns: 2590, Time: 00:07:37

Health: -7/47      AC:  3    Str: 13    XL:     5   Next: 87%
Magic:  7/7        EV: 17    Int: 12    God:
Gold:   142        SH:  0    Dex: 19    Spells: 7/7 levels left

rFire    . . .     SeeInvis .   a - +0 short sword
rCold    + . .     Gourm    .   (no shield)
rNeg     . . .     Faith    +   k - +0 robe {rC+}
rPois    .         Spirit   .   (no helmet)
rElec    .         Reflect  .   e - +0 cloak (curse)
rCorr    .         Harm     .   (no gloves)
MR       .....                  (no boots)
Stlth    +++.......             f - amulet of faith
HPRegen  0.15/turn              (no ring)
MPRegen  0.10/turn              (no ring)

@: no status effects
A: distributed training, fangs 1, strong nose
a: no special abilities


You were on level 3 of the Dungeon.
You were hungry.

You visited 1 branch of the dungeon, and saw 3 of its levels.

You collected 142 gold pieces.

Inventory:

Hand Weapons
 a - a +0 short sword (weapon)
Armour
 e - a cursed +0 cloak (worn)
 k - a +0 robe of cold resistance (worn)
Jewellery
 f - an amulet of faith (around neck)
Scrolls
 b - 2 scrolls of blinking {unknown}
 d - 2 scrolls of fog {unknown}
 j - 2 scrolls of enchant armour {unknown}
 l - 2 scrolls of amnesia {unknown}
 m - 6 scrolls of remove curse {unknown}
 n - 2 scrolls of identify {unknown}
 o - a scroll of teleportation {unknown}
 r - a scroll of fear {unknown}
Potions
 g - a potion of invisibility {unknown}
 h - a potion of cancellation {unknown}
 i - a potion of might {unknown}
 p - a potion of degeneration {unknown}
 q - a potion of lignification {unknown}
 s - a potion of flight {unknown}
 t - a potion of berserk rage {unknown}
 u - a potion of agility {unknown}
Comestibles
 c - 5 rations
 v - a chunk of flesh


   Skills:
 + Level 6.7 Fighting
 + Level 6.7 Short Blades
 + Level 1.6 Long Blades
 + Level 1.6 Axes
 + Level 1.6 Maces & Flails
 + Level 1.6 Polearms
 + Level 1.6 Staves
 + Level 1.6 Slings
 + Level 1.6 Bows
 + Level 1.6 Crossbows
 + Level 1.6 Throwing
 + Level 1.6 Armour
 + Level 6.7 Dodging
 + Level 4.4 Stealth
 + Level 1.6 Shields
 + Level 1.6 Unarmed Combat
 + Level 1.6 Spellcasting
 + Level 1.3 Conjurations
 + Level 1.3 Hexes
 + Level 1.3 Charms
 + Level 1.3 Summonings
 + Level 1.3 Necromancy
 + Level 1.3 Translocations
 + Level 1.3 Transmutations
 + Level 1.3 Fire Magic
 + Level 1.3 Ice Magic
 + Level 1.3 Air Magic
 + Level 1.3 Earth Magic
 + Level 1.3 Poison Magic
 + Level 1.8 Invocations
 + Level 1.6 Evocations


You had 7 spell levels left.
You didn't know any spells.
Your spell library was empty.

Dungeon Overview and Level Annotations

Branches:
Dungeon (3/15)

Altars:
Trog
Uskayaw
Vehumet
Yredelemnul


Innate Abilities, Weirdness & Mutations

Your experience applies equally to all skills.
You have very sharp teeth.
Your uncanny sense of smell can sniff out nearby items.


Message History

The worm is heavily wounded.
You hit the worm. You bite the worm.
The worm is severely wounded.
The worm closely misses you.
You hit the worm. You bite the worm.
The worm is severely wounded.
The worm misses you.
You barely miss the worm.
The worm is severely wounded.
The worm bites you!
* * * LOW HITPOINT WARNING * * *
You hit the worm.
The worm is severely wounded.
You barely miss the worm.
The worm is severely wounded.
The worm barely misses you.
You hit the worm. Your bite misses the worm.
The worm is severely wounded.
The worm bites you!
You die...

#.##......#.# ##.##.#####
#.. #......#.## #.##.....#
...# #......#..
#######....... ###
#......#.# ##....###.#####
##)........ ∆##......)###
##.........# #........)#
##........#.####....#...)#
#.[#......#...##...###....
#.#.........#.@w...#y#w_..
##.#.........####...###....
##...........## #....#....#
........###### #.........#
........# ##.......###
...###..# ##....###.#
.......### ###### #.#
.........# #.## ...#######
#..#


You could see a moth of wrath and a worm (berserk).

Vanquished Creatures
  A bullfrog zombie (D:3)
  A gnoll (D:1)
  6 adders
  An ooze (D:1)
  6 worms
  7 dart slugs
  A leopard gecko (D:2)
  4 orcs (D:3)
  7 giant cockroaches
  6 hobgoblins
  4 kobolds
  2 quokkas (D:2)
  3 ball pythons
  9 bats
  5 frilled lizards
  6 goblins
  9 rats
78 creatures vanquished.

Notes
Turn   | Place    | Note
-------+----------+-------------------------------------------
     0 | D:1      | Freyura the Gnoll Monk began the quest for the Orb.
     0 | D:1      | Reached XP level 1. HP: 23/23 MP: 1/1
    77 | D:1      | Reached XP level 2. HP: 29/29 MP: 2/2
   226 | D:1      | Reached XP level 3. HP: 22/35 MP: 3/3
   563 | D:1      | Reached skill level 1 in Invocations
   740 | D:2      | Reached skill level 1 in Long Blades
   740 | D:2      | Reached skill level 1 in Axes
   740 | D:2      | Reached skill level 1 in Maces & Flails
   740 | D:2      | Reached skill level 1 in Polearms
   740 | D:2      | Reached skill level 1 in Staves
   740 | D:2      | Reached skill level 1 in Slings
   740 | D:2      | Reached skill level 1 in Bows
   740 | D:2      | Reached skill level 1 in Crossbows
   740 | D:2      | Reached skill level 1 in Throwing
   740 | D:2      | Reached skill level 1 in Armour
   740 | D:2      | Reached skill level 1 in Shields
   740 | D:2      | Reached skill level 1 in Unarmed Combat
   740 | D:2      | Reached skill level 1 in Spellcasting
   740 | D:2      | Reached skill level 1 in Evocations
   754 | D:2      | Reached XP level 4. HP: 32/41 MP: 5/5
  1127 | D:2      | Reached skill level 1 in Conjurations
  1127 | D:2      | Reached skill level 1 in Hexes
  1127 | D:2      | Reached skill level 1 in Charms
  1127 | D:2      | Reached skill level 1 in Summonings
  1127 | D:2      | Reached skill level 1 in Necromancy
  1127 | D:2      | Reached skill level 1 in Translocations
  1127 | D:2      | Reached skill level 1 in Transmutations
  1127 | D:2      | Reached skill level 1 in Fire Magic
  1127 | D:2      | Reached skill level 1 in Ice Magic
  1127 | D:2      | Reached skill level 1 in Air Magic
  1127 | D:2      | Reached skill level 1 in Earth Magic
  1127 | D:2      | Reached skill level 1 in Poison Magic
  1423 | D:2      | Found a hide-covered altar of Uskayaw.
  1622 | D:3      | Reached XP level 5. HP: 37/47 MP: 5/7
  1761 | D:3      | Found a radiant altar of Vehumet.
  2091 | D:3      | Found a basalt altar of Yredelemnul.
  2509 | D:3      | Noticed a moth of wrath
  2512 | D:3      | Found a bloodstained altar of Trog.
  2587 | D:3      | HP: 2/47 [worm (13)]
  2590 | D:3      | Mangled by a worm

Skill      XL: |  1  2  3  4 |
---------------+-------------+-----
Invocations    | 1 |  1.8
Long Blades    | 1 |  1.6
Axes           | 1 |  1.6
Maces & Flails | 1 |  1.6
Polearms       | 1 |  1.6
Staves         | 1 |  1.6
Slings         | 1 |  1.6
Bows           | 1 |  1.6
Crossbows      | 1 |  1.6
Throwing       | 1 |  1.6
Armour         | 1 |  1.6
Shields        | 1 |  1.6
Unarmed Combat | 1 |  1.6
Spellcasting   | 1 |  1.6
Evocations     | 1 |  1.6
Conjurations   | 1 |  1.3
Hexes          | 1 |  1.3
Charms         | 1 |  1.3
Summonings     | 1 |  1.3
Necromancy     | 1 |  1.3
Translocations | 1 |  1.3
Transmutations | 1 |  1.3
Fire Magic     | 1 |  1.3
Ice Magic      | 1 |  1.3
Air Magic      | 1 |  1.3
Earth Magic    | 1 |  1.3
Poison Magic   | 1 |  1.3
Fighting       | |  6.7
Short Blades   | |  6.7
Dodging        | |  6.7
Stealth        | |  4.4

Action                   |  1- 3 |  4- 6 || total
-------------------------+-------+-------++-------
Melee: Short sword       |   100 |   201 ||   301
       Bite              |    13 |    29 ||    42
       Punch             |       |     1 ||     1
  Use: Potion            |       |     2 ||     2
 Stab: Sleeping          |     9 |     7 ||    16
  Eat: Chunk             |       |     5 ||     5
Armor: Robe              |    10 |    14 ||    24
Dodge: Dodged            |    52 |   126 ||   178
